| TOP OF THE 1ST |
|
Montreal Expos batting - Pitching for Chicago White Sox : RHP Ricky Salas
|
|
Pitching: RHP Ricky Salas
|
|
|
Batting: LHB Bill McGregor
|
0-0: Ball 1-0: Ball 2-0: Ball 3-0: Called Strike 3-1: Ground out 3-1 (Groundball, 34, EV 81.9 MPH)
|
|
Batting: RHB Jonathan Fraire
|
0-0: Ball 1-0: Fly out, F9 (Flyball, 89M, EV 83.1 MPH)
|
|
Batting: SHB Joey Pacheco
|
0-0: Called Strike 0-1: Ball 1-1: Ground out 6-3 (Groundball, 6, EV 94.4 MPH)
|
| Top of the 1st over - 0 runs, 0 hits, 0 errors, 0 left on base; Montreal 0 - Chicago 0 |
| BOTTOM OF THE 1ST |
|
Chicago White Sox batting - Pitching for Montreal Expos : RHP Jonathan Jackson
|
|
Pitching: RHP Jonathan Jackson
|
|
|
Batting: SHB Alfie Bungledorf
|
0-0: Called Strike 0-1: Ball 1-1: Ground out 6-3 (Groundball, 6, EV 106.2 MPH)
|
|
Batting: RHB Joseph Disepolo
|
0-0: Swinging Strike 0-1: Foul Ball, location: 2F 0-2: Foul Ball, location: 2F 0-2: Strikes out swinging
|
|
Batting: LHB Randy Rosenberry
|
0-0: Foul Ball, location: 2F 0-1: Called Strike 0-2: Ball 1-2: Ball 2-2: Ground out 4-3 (Groundball, 4D, EV 102.5 MPH)
|
| Bottom of the 1st over - 0 runs, 0 hits, 0 errors, 0 left on base; Montreal 0 - Chicago 0 |
| TOP OF THE 2ND |
|
Montreal Expos batting - Pitching for Chicago White Sox : RHP Ricky Salas
|
|
Batting: LHB Austin Ohmer
|
0-0: Called Strike 0-1: Called Strike 0-2: Ball 1-2: Ball 2-2: Ball 3-2: Foul Ball, location: 2F 3-2: Strikes out looking
|
|
Batting: LHB Steve Anderson
|
0-0: Called Strike 0-1: Ball 1-1: Ball 2-1: Foul Ball, location: 2F 2-2: Ball 3-2: Strikes out swinging
|
|
Batting: RHB Steve French
|
0-0: Called Strike 0-1: Ball 1-1: Foul Ball, location: 2F 1-2: Strikes out swinging
|
| Top of the 2nd over - 0 runs, 0 hits, 0 errors, 0 left on base; Montreal 0 - Chicago 0 |
| BOTTOM OF THE 2ND |
|
Chicago White Sox batting - Pitching for Montreal Expos : RHP Jonathan Jackson
|
|
Batting: SHB Marvin McAleer
|
0-0: Called Strike 0-1: Ball 1-1: Ball 2-1: Foul Ball, location: 2F 2-2: Ball 3-2: Base on Balls
|
|
Batting: RHB Dietmar Warmisch
|
0-0: Swinging Strike 0-1: SINGLE (Line Drive, 89M, EV 105.0 MPH) Marvin McAleer to second
|
|
Batting: LHB Angel Tellez
|
0-0: Ball 1-0: Ball 2-0: Called Strike 2-1: Called Strike 2-2: Grounds into double play, 6-4-3 (Groundball, 6M, EV 101.9 MPH) Marvin McAleer to third
|
|
Batting: RHB Dieter Knoops
|
0-0: Called Strike 0-1: Foul Ball, location: 2F 0-2: Fly out, F8 (Flyball, 8LM, EV 91.2 MPH)
|
| Bottom of the 2nd over - 0 runs, 1 hit, 0 errors, 1 left on base; Montreal 0 - Chicago 0 |
| TOP OF THE 3RD |
|
Montreal Expos batting - Pitching for Chicago White Sox : RHP Ricky Salas
|
|
Batting: SHB Lou Kroneman
|
0-0: Ground out 3-1 (Groundball, 34S, EV 87.5 MPH)
|
|
Batting: LHB Mark Marvin
|
0-0: Swinging Strike 0-1: Swinging Strike 0-2: Ball 1-2: Foul Ball, location: 2F 1-2: Ball 2-2: Foul Ball, location: 2F 2-2: Strikes out swinging
|
|
Batting: RHB EugĂȘnio Asceno
|
0-0: Called Strike 0-1: Called Strike 0-2: Foul Ball, location: 2F 0-2: Ball 1-2: Ball 2-2: Foul Ball, location: 2F 2-2: Foul Ball, location: 2F 2-2: Foul Ball, location: 2F 2-2: Ball 3-2: Ground out U3 (Groundball, 3S, EV 87.5 MPH)
|
| Top of the 3rd over - 0 runs, 0 hits, 0 errors, 0 left on base; Montreal 0 - Chicago 0 |
| BOTTOM OF THE 3RD |
|
Chicago White Sox batting - Pitching for Montreal Expos : RHP Jonathan Jackson
|
|
Batting: LHB Sidney Pedder
|
0-0: Ball 1-0: Foul Ball, location: 2F 1-1: Fly out, F7 (Flyball, 7LMF, EV 93.1 MPH)
|
|
Batting: RHB Brad Boals
|
0-0: Ball 1-0: Ground out 6-3 (Groundball, 6M, EV 106.2 MPH)
|
|
Batting: SHB Alfie Bungledorf
|
0-0: Called Strike 0-1: Foul Ball, location: 2F 0-2: Ball 1-2: Ball 2-2: Strikes out swinging
|
| Bottom of the 3rd over - 0 runs, 0 hits, 0 errors, 0 left on base; Montreal 0 - Chicago 0 |
| TOP OF THE 4TH |
|
Montreal Expos batting - Pitching for Chicago White Sox : RHP Ricky Salas
|
|
Batting: LHB Bill McGregor
|
0-0: Ball 1-0: Ball 2-0: Called Strike 2-1: Ground out 6-3 (Groundball, 6, EV 104.4 MPH)
|
|
Batting: RHB Jonathan Fraire
|
0-0: Called Strike 0-1: Ground out 5-3 (Groundball, 56, EV 79.4 MPH)
|
|
Batting: SHB Joey Pacheco
|
0-0: Foul Ball, location: 2F 0-1: Foul Ball, location: 2F 0-2: Strikes out swinging
|
| Top of the 4th over - 0 runs, 0 hits, 0 errors, 0 left on base; Montreal 0 - Chicago 0 |
| BOTTOM OF THE 4TH |
|
Chicago White Sox batting - Pitching for Montreal Expos : RHP Jonathan Jackson
|
|
Batting: RHB Joseph Disepolo
|
0-0: Ball 1-0: Ball 2-0: Ground out U3 (Groundball, 13, EV 82.5 MPH)
|
|
Batting: LHB Randy Rosenberry
|
0-0: Ball 1-0: Called Strike 1-1: Ball 2-1: Foul Ball, location: 2F 2-2: Ball 3-2: Fly out, F8 (Flyball, 78M, EV 87.5 MPH)
|
|
Batting: SHB Marvin McAleer
|
0-0: Ball 1-0: Ball 2-0: DOUBLE (Flyball, 8LXD, EV 103.8 MPH)
|
|
Batting: RHB Dietmar Warmisch
|
0-0: Called Strike 0-1: Fly out, F8 (Line Drive, 8LM, EV 85.6 MPH)
|
| Bottom of the 4th over - 0 runs, 1 hit, 0 errors, 1 left on base; Montreal 0 - Chicago 0 |
| TOP OF THE 5TH |
|
Montreal Expos batting - Pitching for Chicago White Sox : RHP Ricky Salas
|
|
Now at 1B: Justin Stickney
|
|
|
Now at 2B: Veit Geisler
|
|
|
Now at SS: Joseph Disepolo
|
|
|
Now in CF: Marvin McAleer
|
|
|
Now in RF: Kikuo Sato
|
|
|
Batting: LHB Austin Ohmer
|
0-0: Ball 1-0: Foul Ball, location: 2F 1-1: Fly out, F8 (Flyball, 8LD, EV 96.2 MPH)
|
|
Batting: LHB Steve Anderson
|
0-0: Swinging Strike 0-1: Called Strike 0-2: Ball 1-2: Ball 2-2: Strikes out swinging
|
|
Batting: RHB Steve French
|
0-0: Called Strike 0-1: SINGLE (Groundball, 34D, EV 98.8 MPH)
|
|
Batting: SHB Lou Kroneman
|
0-0: Ball 1-0: Called Strike 1-1: Ground out 6-3 (Groundball, 4M, EV 100.6 MPH)
|
| Top of the 5th over - 0 runs, 1 hit, 0 errors, 1 left on base; Montreal 0 - Chicago 0 |
| BOTTOM OF THE 5TH |
|
Chicago White Sox batting - Pitching for Montreal Expos : RHP Jonathan Jackson
|
|
Now at 2B: Alex Diaz
|
|
|
Now at 3B: Danny Diaz
|
|
|
Now in RF: Jake Rheaume
|
|
|
Batting: LHB Angel Tellez
|
0-0: Swinging Strike 0-1: Called Strike 0-2: Fly out, F9 (Line Drive, 9, EV 93.1 MPH)
|
|
Batting: RHB Dieter Knoops
|
0-0: Called Strike 0-1: SOLO HOME RUN (Line Drive, 8RXD, EV 110.0 MPH), Distance : 447 ft
|
|
Batting: LHB Sidney Pedder
|
0-0: Called Strike 0-1: Ball 1-1: SINGLE (Groundball, 34D, EV 110.0 MPH)
|
|
Batting: RHB Brad Boals
|
0-0: Ball 1-0: Ball 2-0: Called Strike 2-1: Ball 3-1: Base on Balls Sidney Pedder to second
|
|
Batting: LHB Justin Stickney
|
0-0: Ball Sidney Pedder is caught stealing 3rd base 2-5 Brad Boals to second 1-0: Foul Ball, location: 2F 1-1: Swinging Strike 1-2: SINGLE (Groundball, 4MD, EV 95.0 MPH) Brad Boals to third Runner from 3rd tries for Home, throw by CF and OUT! 8-2
|
| Bottom of the 5th over - 1 run, 3 hits, 0 errors, 1 left on base; Montreal 0 - Chicago 1 |
| TOP OF THE 6TH |
|
Montreal Expos batting - Pitching for Chicago White Sox : RHP Ricky Salas
|
|
Pitching: LHP Steven Wolf
|
|
|
Now at C: Ricardo Pagan
|
|
|
Now at 3B: Micah Brown
|
|
|
Batting: LHB Mark Marvin
|
0-0: Ball 1-0: Ball 2-0: Foul Ball, location: 2F 2-1: SINGLE (Groundball, 6S, EV 66.2 MPH) (infield hit)
|
|
Batting: RHB EugĂȘnio Asceno
|
0-0: Ground out 5-3 (Groundball, 56S, EV 81.2 MPH) Mark Marvin to second
|
|
Pinch Hitting: RHB John Ham
|
0-0: Ball 1-0: Fly out, F7 (Line Drive, 7, EV 92.5 MPH)
|
|
Batting: RHB Jonathan Fraire
|
0-0: Swinging Strike 0-1: Foul Ball, location: 2F 0-2: Strikes out swinging
|
| Top of the 6th over - 0 runs, 1 hit, 0 errors, 1 left on base; Montreal 0 - Chicago 1 |
| BOTTOM OF THE 6TH |
|
Chicago White Sox batting - Pitching for Montreal Expos : RHP Jonathan Jackson
|
|
Pitching: RHP Jakub Kvacek
|
|
|
Now in LF: John Ham
|
|
|
Batting: RHB Joseph Disepolo
|
0-0: Swinging Strike 0-1: Fly out, F9 (Flyball, 9S, EV 87.5 MPH)
|
|
Batting: RHB Kikuo Sato
|
0-0: Foul Ball, location: 2F 0-1: Swinging Strike 0-2: Strikes out swinging passed ball, reaches first!
|
|
Pinch Hitting: RHB Jeremy Hoffert
|
0-0: Ball Kikuo Sato is caught stealing 2nd base 2-4 1-0: Foul Ball, location: 2F 1-1: Foul Ball, location: 2F 1-2: Foul Ball, location: 2F 1-2: Ground out 6-3 (Groundball, 56, EV 81.9 MPH)
|
| Bottom of the 6th over - 0 runs, 0 hits, 0 errors, 0 left on base; Montreal 0 - Chicago 1 |
| TOP OF THE 7TH |
|
Montreal Expos batting - Pitching for Chicago White Sox : LHP Steven Wolf
|
|
Pitching: RHP Ryan Columbo
|
|
|
Now at SS: Jon Solano
|
|
|
Now in CF: Jeremy Hoffert
|
|
|
Pinch Hitting: RHB Tommie Eaton
|
0-0: Called Strike 0-1: Ball 1-1: Ball 2-1: Foul Ball, location: 2F 2-2: Foul Ball, location: 2F 2-2: Ball 3-2: Base on Balls
|
|
Batting: RHB Alex Diaz
|
0-0: Ball 1-0: Ball 2-0: Ball 3-0: Called Strike 3-1: Called Strike 3-2: Foul Ball, location: 2F 3-2: Foul Ball, location: 2F 3-2: Foul Ball, location: 2F 3-2: SINGLE (Flyball, 4D, EV 89.4 MPH) Tommie Eaton to second
|
|
Batting: RHB Danny Diaz
|
0-0: Foul Ball, location: 2F 0-1: Ball 1-1: Fly out, F3 (Popup, 34S, EV 81.9 MPH)
|
|
Batting: RHB Sesto Carpini
|
0-0: Foul Ball, location: 2F 0-1: Ball 1-1: Ball 2-1: Swinging Strike 2-2: Strikes out swinging
|
|
Pitching: RHP Steve Friesner
|
|
|
Batting: LHB Jake Rheaume
|
0-0: Called Strike 0-1: Foul Ball, location: 2F 0-2: Ball 1-2: Ball 2-2: Fly out, F7 (Flyball, 7D, EV 103.1 MPH)
|
| Top of the 7th over - 0 runs, 1 hit, 0 errors, 2 left on base; Montreal 0 - Chicago 1 |
| BOTTOM OF THE 7TH |
|
Chicago White Sox batting - Pitching for Montreal Expos : RHP Jakub Kvacek
|
|
Pitching: LHP Kyle Schlosschlonghair
|
|
|
Now at C: James Huddleston
|
|
|
Now at SS: Tommie Eaton
|
|
|
Batting: SHB Veit Geisler
|
0-0: Ball 1-0: Foul Ball, location: 2F 1-1: SINGLE (Line Drive, 56D, EV 106.2 MPH)
|
|
Batting: RHB Chris Cooper
|
0-0: Foul Ball, location: 2F 0-1: Ball 1-1: Called Strike 1-2: Foul Ball, location: 2F 1-2: Foul Ball, location: 2F 1-2: Ground out 5-3 (Groundball, 56S, EV 67.5 MPH) Veit Geisler to second
|
|
Batting: RHB Micah Brown
|
0-0: Ground out 4-3 (Groundball, 4M, EV 94.4 MPH) Veit Geisler to third
|
|
Batting: LHB Ricardo Pagan
|
0-0: Called Strike 0-1: Ball 1-1: Ball 2-1: Swinging Strike 2-2: Ball 3-2: Base on Balls
|
|
Pinch Hitting: SHB Ruben Velasco Jr.
|
0-0: Ball 1-0: Ball 2-0: Called Strike 2-1: Ball 3-1: Base on Balls Ricardo Pagan to second
|
|
Batting: LHB Justin Stickney
|
0-0: Ball 1-0: Swinging Strike 1-1: Called Strike 1-2: Ball 2-2: Ground out 4-3 (Groundball, 4, EV 108.8 MPH)
|
| Bottom of the 7th over - 0 runs, 1 hit, 0 errors, 3 left on base; Montreal 0 - Chicago 1 |
| TOP OF THE 8TH |
|
Montreal Expos batting - Pitching for Chicago White Sox : RHP Steve Friesner
|
|
Now in LF: Ruben Velasco Jr.
|
|
|
Batting: LHB Mark Marvin
|
0-0: Ground out U3 (Groundball, 3L, EV 83.8 MPH)
|
|
Batting: RHB James Huddleston
|
0-0: Swinging Strike 0-1: Foul Ball, location: 2F 0-2: Foul Ball, location: 2F 0-2: Strikes out swinging
|
|
Batting: RHB John Ham
|
0-0: Fly out, F7 (Flyball, 7, EV 91.2 MPH)
|
| Top of the 8th over - 0 runs, 0 hits, 0 errors, 0 left on base; Montreal 0 - Chicago 1 |
| BOTTOM OF THE 8TH |
|
Chicago White Sox batting - Pitching for Montreal Expos : LHP Kyle Schlosschlonghair
|
|
Pitching: RHP Joel Beggs
|
|
|
Batting: RHB Jon Solano
|
0-0: Ball 1-0: Ball 2-0: SINGLE (Line Drive, 9LS, EV 95.0 MPH)
|
|
Batting: RHB Kikuo Sato
|
0-0: Hit by Pitch Jon Solano to second
|
|
Batting: RHB Jeremy Hoffert
|
0-0: Ball 1-0: Swinging Strike 1-1: Ball 2-1: Fly out, F6 (Line Drive, 6, EV 68.1 MPH)
|
|
Batting: SHB Veit Geisler
|
0-0: Foul Ball, location: 2F 0-1: Ball 1-1: Swinging Strike 1-2: Foul Ball, location: 2F 1-2: Strikes out swinging
|
|
Batting: RHB Chris Cooper
|
0-0: Called Strike 0-1: Foul Ball, location: 2F 0-2: Ball 1-2: Foul Ball, location: 2F 1-2: Ball 2-2: Foul Ball, location: 2F 2-2: Ground out 4-3 (Groundball, 34, EV 108.1 MPH)
|
| Bottom of the 8th over - 0 runs, 1 hit, 0 errors, 2 left on base; Montreal 0 - Chicago 1 |
| TOP OF THE 9TH |
|
Montreal Expos batting - Pitching for Chicago White Sox : RHP Steve Friesner
|
|
Pitching: RHP Jacob Taylor
|
|
|
Batting: RHB Jonathan Fraire
|
0-0: Called Strike 0-1: Called Strike 0-2: Ball 1-2: Foul Ball, location: 2F 1-2: Foul Ball, location: 2F 1-2: SINGLE (Flyball, 78S, EV 85.0 MPH)
|
|
Batting: RHB Tommie Eaton
|
0-0: Ball 1-0: Fielders Choice at 2nd, 4-6 (Groundball, 4, EV 84.4 MPH)
|
|
Batting: RHB Alex Diaz
|
0-0: Called Strike 0-1: Swinging Strike 0-2: Foul Ball, location: 2F 0-2: Strikes out looking
|
|
Batting: RHB Danny Diaz
|
0-0: Ball 1-0: SINGLE (Groundball, 25, EV 70.0 MPH) (infield hit) Tommie Eaton to second
|
|
Batting: RHB Sesto Carpini
|
0-0: Swinging Strike 0-1: Reached on error, E6 (Groundball, 6, EV 84.4 MPH) Tommie Eaton to third Danny Diaz to second
|
|
Batting: LHB Jake Rheaume
|
0-0: Foul Ball, location: 2F 0-1: Ground out 4-3 (Groundball, 4, EV 100.6 MPH)
|
| Top of the 9th over - 0 runs, 2 hits, 1 error, 3 left on base; Montreal 0 - Chicago 1 |
|